General information
			
			
        
        - name: GRUDGE
 
        - type: Custom game
 
        - host: GOKUMaN69
 
        - saver: evil_PENGOON
 
        
map: EchoIsles 
        - players: 5
 
        - length: 17:59
 
        - speed: Fast
 - version: 1.22 W3XP
 - replay type:  Public
 
» download(74 KB)
Players
        team 1 (winner) 
              
              
» 
evil_PENGOON (
pink | 103 APM | 1845 actions | 17:59)
              
 5 Tauren Chieftain 
 2 War Stomp
 3 Endurance Aura
 4 Naga Sea Witch 
 2 Frost Arrows
 2 Forked Lightning
 
                » actions 
                
                | Assign group hotkey | 39 |  | 
| Basic commands | 107 |  | 
| Build / train | 62 |  | 
| Enter build submenu | 24 |  | 
| Enter hero's abilities submenu | 9 |  | 
| Give item / drop item | 1 |  | 
| Right click | 778 |  | 
| Select / deselect | 381 |  | 
| Select group hotkey | 380 |  | 
| Use ability | 64 |  | 
                1845 total
 » units 
                
                | Peon | 9 |  | 
| Grunt | 2 |  | 
| Troll Headhunter/Berserker | 12 |  | 
| Forest Troll Shadow Priest | 1 |  | 
| Troll Witch Doctor | 4 |  | 
| Troll Batrider | 6 |  | 
                34 total
 » upgrades
                
                | Ranged Weapons | 3 |  | 
| Troll Regeneration | 1 |  | 
| Witch Doctor Training | 2 |  | 
| Berserker Upgrade | 1 |  | 
                7 total
 » buildings
                
                | Altar of Storms | 1 |  | 
| Orc Burrow | 6 |  | 
| Barracks | 1 |  | 
| Voodoo Lounge | 1 |  | 
| War Mill | 1 |  | 
| Stronghold | 2 |  | 
| Spirit Lodge | 1 |  | 
| Fortress | 1 |  | 
| Beastiary | 1 |  | 
| Great Hall | 2 |  | 
| Watch Tower | 2 |  | 
                19 total
 » build order
                00:07 Altar of Storms
00:11 Orc Burrow
00:50 Barracks
01:29 Orc Burrow
01:50 Voodoo Lounge
02:23 War Mill
03:27 Orc Burrow
04:04 Stronghold
04:05 Stronghold
06:50 Spirit Lodge
07:53 Fortress
08:26 Orc Burrow
08:27 Orc Burrow
10:35 Beastiary
11:52 Great Hall
12:00 Orc Burrow
12:02 Watch Tower
14:55 Great Hall
15:18 Watch Tower
» items
                
                | Healing Salve | 3 |  | 
| Orb of Lightning | 1 |  | 
| Lesser Clarity Potion | 1 |  | 
                5 total
  
               team 2 (loser) 
              
              
GundamPilot (
teal | 138 APM | 2488 actions | 17:57)
              
 3 Demon Hunter 
 2 Mana Burn
 1 Evasion
 3 Pandaren Brewmaster 
 2 Breath of Fire
 1 Drunken Haze
 
                » actions 
                
                | Assign group hotkey | 23 |  | 
| Basic commands | 104 |  | 
| Build / train | 52 |  | 
| ESC pressed | 5 |  | 
| Enter build submenu | 13 |  | 
| Enter hero's abilities submenu | 7 |  | 
| Give item / drop item | 1 |  | 
| Right click | 1382 |  | 
| Select / deselect | 484 |  | 
| Select group hotkey | 314 |  | 
| Use ability | 103 |  | 
                2488 total
 » units 
                
                | Wisp | 13 |  | 
| Archer | 4 |  | 
| Dryad | 4 |  | 
| Druid of the Claw | 9 |  | 
                30 total
 » upgrades
                
                | Druid of the Claw Training | 2 |  | 
| Mark of the Claw | 1 |  | 
| Abolish Magic | 1 |  | 
                4 total
 » buildings
                
                | Altar of Elders | 1 |  | 
| Moon Well | 5 |  | 
| Ancient of War | 1 |  | 
| Tree of Ages | 1 |  | 
| Hunter's Hall | 1 |  | 
| Ancient of Lore | 2 |  | 
| Ancient of Wonders | 1 |  | 
| Tree of Eternity | 1 |  | 
| Tree of Life | 2 |  | 
                15 total
 » build order
                00:04 Altar of Elders
00:07 Moon Well
01:10 Ancient of War
01:30 Moon Well
02:45 Tree of Ages
03:13 Hunter's Hall
03:18 Moon Well
05:16 Ancient of Lore
05:19 Ancient of Lore
05:25 Ancient of Wonders
05:59 Tree of Eternity
07:55 Moon Well
10:55 Moon Well
12:19 Tree of Life
13:37 Tree of Life
» items
                
                | Staff of Preservation | 1 |  | 
| Potion of Healing | 1 |  | 
| Lesser Clarity Potion | 2 |  | 
| Scroll of Town Portal | 2 |  | 
| Orb of Venom | 1 |  | 
                7 total
  
               observersGOKUMaN69, 
Rezifut, 
thegaymayor Chat log
          (00:17 / All) GundamPilot: shit tornado hit my town
(00:20 / All) GundamPilot: in simcity
(00:23 / All) evil_PENGOON: ~-. Gl HF and Have Excellent Manner .-~
(00:24 / All) GundamPilot: u kidding me..
(00:28 / All) GundamPilot: hang on
(00:30 / All) evil_PENGOON: pozed
(00:37 / All) GundamPilot: my simcity town got raped
(00:49 / All) GundamPilot: wowo
(00:56 / All) GundamPilot: gay
(01:01 / All) GundamPilot: i spent 1 hour on thay
(01:05 / All) evil_PENGOON: "wowywow" -borat
(01:23 / All) GundamPilot: terrible host matheson
(01:46 / All) GundamPilot: god I fucking hate rd
(04:28 / All) GundamPilot: dam
(04:30 / All) GundamPilot: gg
(09:52 / All) GundamPilot: tired of jons host